AoeStats
← Efthiron

Arabia

503659056Analyzed
1v1 RM · 1mo ago on Sep 1, 2026· 31m 39s· 2 players
Game mode
Random Map
Map size
Tiny (2 player)
Population
200
Speed
Normal
Resources
Standard
Victory
Conquest
Starting age
Dark Age
Ending age
Imperial Age
RankedLock teamsTeams togetherTeam positionsShared explorationLock speedFull tech treeHidden civsTurbo modeCheats
Victory
Defeat
🇩🇪 Armenians · Germany
1257
+16
🇲🇽 Mongols · Mexico
1263
-16
FetteStulle
4:47 Loom
9:53 Feudal Age
11:51 Man-at-Arms
15:08 Long Swordsman
17:01 Wheelbarrow
16:15 Horse Collar
17:09 Scale Mail Armor
19:00 Forging
23:26 Arson
26:27 Castle Age
25:18 Double-Bit Axe
26:33 Two-Handed Swordsman
27:00 Gambesons
27:33 Chain Mail Armor
27:53 Iron Casting
27:20 Squires
29:30 Gold Mining
Efthiron
5:22 Loom
8:58 Feudal Age
9:35 Double-Bit Axe
16:37 Horse Collar
19:14 Wheelbarrow
24:36 Castle Age
23:21 Scale Barding Armor
23:27 Forging
24:42 Fletching
26:12 Town Watch
Connection lost

Rejoining the realm…

Still unreachable

The connection could not be restored.

Session expired

The server has moved on; the page needs a fresh start.